 Dungeon Crawl Stone Soup version 0.28.0-53-g5a82cb258f (webtiles) character file.

Game seed: 4948603345038858931

228 MordorOrchid the Sneak (level 5, -1/26 HPs)
             Began as a Spriggan Enchanter on July 25, 2022.
             Slain by an ogre
             ... wielding a +0 giant spiked club
              (23 damage)
             ... on level 4 of the Dungeon.
             The game lasted 00:28:09 (4397 turns).

MordorOrchid the Sneak (Spriggan Enchanter)         Turns: 4397, Time: 00:28:09

Health: -1/26      AC:  2    Str:  4    XL:     5   Next: 71%
Magic:  11/12      EV: 18    Int: 18    God:
Gold:   290        SH:  0    Dex: 16    Spells: 1/12 levels left

rFire   . . .      SeeInvis +   y - +1 short sword (drain)
rCold   . . .      Faith    .   (no shield)
rNeg    . . .      Spirit   .   b - +0 robe
rPois   .          Reflect  .   (helmet restricted)
rElec   .          Harm     .   (no cloak)
rCorr   .          Rampage  .   (gloves unavailable)
Will    .....                   (boots unavailable)
Stlth   +++.......              (no amulet)
HPRegen 0.08/turn               (no ring)
MPRegen 0.13/turn               (no ring)

@: very quick
A: very small, no large weapons, unfitting armour, see invisible, speed 3
a: no special abilities


You were on level 4 of the Dungeon.
You visited 1 branch of the dungeon, and saw 4 of its levels.

You collected 290 gold pieces.

Inventory:

Hand Weapons
 a - a +1 dagger
 q - a +4 trident of protection
 y - a +1 short sword of draining (weapon)
Missiles
 f - 74 bolts
 h - 37 sling bullets
 i - 74 arrows
 k - 70 stones
 t - 2 boomerangs (quivered)
Armour
 b - a +0 robe (worn)
Scrolls
 d - a scroll of silence {unknown}
 e - 2 scrolls of brand weapon {unknown}
 g - a scroll of teleportation {unknown}
 j - 2 scrolls of blinking {unknown}
 m - a scroll of fog {unknown}
 p - 2 scrolls of fear
 r - a scroll of vulnerability {unknown}
 u - a scroll of noise {unknown}
Potions
 c - a potion of invisibility
 l - 3 potions of curing
 n - 2 potions of heal wounds
 o - a potion of magic
 s - a potion of brilliance


   Skills:
 * Level 1.7 Fighting
 * Level 3.0 Short Blades
 * Level 4.0 Dodging
 + Level 5.0 Stealth
 * Level 4.0 Spellcasting
 * Level 4.6 Hexes


You had one spell level left.
You knew the following spells:

 Your Spells              Type           Power      Damage    Failure   Level
a - Confusing Touch       Hex            20%        N/A       7%          3
b - Ensorcelled Hibernat  Hex/Ice        22%        N/A       9%          2
d - Tukima's Dance        Hex            20%        N/A       7%          3
e - Dazzling Flash        Conj/Hex       22%        N/A       17%         3

Your spell library contained the following spells:

 Spells                   Type           Power      Damage    Failure   Level
 Pain                     Necr           12%        1d4       14%         1
 Spider Form              Tmut/Pois      3%         N/A       41%         3
 Anguish                  Hex/Necr       5%         N/A       50%         4
 Agony                    Necr           3%         N/A       99%         5
 Excruciating Wounds      Necr           1%         N/A       99%         5


Dungeon Overview and Level Annotations

Branches:
Dungeon (4/15)
 Temple: D:4-7

Altars:
Ru
Sif Muna
Uskayaw
Vehumet
Yredelemnul

Annotations:
D:3 3 runed translucent doors, brittlin's ghost, amateur OpCA
D:4 Grinder


Innate Abilities, Weirdness & Mutations

You are very small and have problems with some larger weapons.
You are too small for most types of armour.
You have supernaturally acute eyesight. (SInv)
You cover ground extremely quickly. (Speed+++)


Message History

As you open the door, it creaks loudly!
There is an open door here.
You open the door.
There is an open door here.
Found 27 bolts.
You open the door.
Found a potion of curing.
There is an open door here.
l - 3 potions of curing (gained 1)
You open the door.
There is an open door here.
f - 55 bolts (gained 27)
You open the door.
An endoplasm comes into view.
There is an open door here.
The helpless endoplasm fails to defend itself.
You impale the endoplasm!!
You kill the endoplasm!
You open the door.
There is an open door here.
Found 19 bolts.
You open the door.
An adder skeleton comes into view.
There is an open door here.
The helpless adder skeleton fails to defend itself.
You impale the adder skeleton!!
You destroy the adder skeleton!
Your Short Blades skill increases to level 3!
Your Spellcasting skill increases to level 4!
You open the door.
There is an open door here.
f - 74 bolts (gained 19)
You open the door.
An ogre comes into view. It is wielding a +0 giant spiked club.
Found a notched gilded ring.
There is an open door here.
The ogre shouts!
The ogre hits you with a +0 giant spiked club!!
Ouch! That really hurt!
You die...

#################
.................
####.####.####.#
'.[#.#..'.'..#.#
#..#.#..#.#..#.#
##+#.##'#.##'#.##+#.#
....................#
##'#.##'#.##'#.##+#.#
#..#.#..#.#..#.#@.#
#).'.'..#.#..'.'.O#
#########
####.####.####.####.#
#.......# .
..................#
#.......'
###################.#
###.......#
.........<...........
#.........#
....#...#####..#####
#.........# ....#...#
#..# #####.........#
....##### #..#
#....#####.####


You could see an ogre.

Vanquished Creatures
  An orc wizard (D:3)
  6 adders
  A gnoll (D:2)
  A shadow imp (D:3)
  2 adder skeletons (D:4)
  An adder zombie (D:3)
  4 worms
  3 dart slugs
  5 orcs (D:3)
  6 bats
  5 endoplasms
  8 goblins
  5 hobgoblins
  3 quokkas (D:1)
  9 ball pythons
  4 frilled lizards
  A giant cockroach (D:2)
  A giant cockroach zombie (D:3)
  3 kobolds
  5 rats
74 creatures vanquished.

Vanquished Creatures (collateral kills)
  Terence (D:3)
  A gnoll (D:2)
  An orc (D:3)
3 creatures vanquished.

Grand Total: 77 creatures vanquished

Notes
Turn   | Place    | Note
-------+----------+-------------------------------------------
     0 | D:1      | MordorOrchid the Spriggan Enchanter began the quest for the
                  | Orb.
     0 | D:1      | Reached XP level 1. HP: 9/9 MP: 5/5
   341 | D:1      | Found a faded altar of an unknown god.
   387 | D:1      | Reached XP level 2. HP: 9/14 MP: 6/6
  1104 | D:1      | Learned a level 2 spell: Ensorcelled Hibernation
  1595 | D:2      | Reached skill level 1 in Fighting
  1595 | D:2      | Reached XP level 3. HP: 18/18 MP: 5/8
  1604 | D:2      | Found a hide-covered altar of Uskayaw.
  2249 | D:2      | Reached XP level 4. HP: 22/22 MP: 9/9
  2253 | D:2      | Learned a level 3 spell: Confusing Touch
  2257 | D:2      | Learned a level 3 spell: Tukima's Dance
  2929 | D:3      | Noticed Terence
  2971 | D:3      | Killed Terence
  3023 | D:3      | Found a runed translucent gate.
  3023 | D:3      | Found a runed translucent gate.
  3023 | D:3      | Found a runed translucent gate.
  3023 | D:3      | Noticed brittlin's ghost (amateur OpCA)
  3025 | D:3      | Found a basalt altar of Yredelemnul.
  3048 | D:3      | Reached XP level 5. HP: 23/25 MP: 9/11
  3052 | D:3      | Learned a level 3 spell: Dazzling Flash
  3093 | D:3      | Found a radiant altar of Vehumet.
  3741 | D:3      | Found a shimmering blue altar of Sif Muna.
  3741 | D:3      | Found a sacrificial altar of Ru.
  3939 | D:4      | Reached skill level 5 in Stealth
  4056 | D:4      | Noticed Grinder
  4395 | D:4      | Noticed an ogre
  4397 | D:4      | Slain by an ogre

Illustrated notes

Levels and vault maps discovered:
D:1:      saegor_arrival_under_anarchy, layout_loops_ring,
          dreamdust_ecumenical_altar_hidden_monk_grotto,
          hangedman_abyss_or_decor_stabs
D:2:      minmay_inner_zag, layout_basic, basic_altar, minmay_pentomino_o4
D:3:      layout_loops_cross, nicolae_vehumet_radiance,
          nicolae_yredelemnul_ghost_church, jmf_multi_god_temple,
          lightli_corner_chamber, uniq_terence
D:4:      minmay_door_path, layout_basic, minmay_shop_enchanted_jewellery,
          uniq_crazy_yiuf_cottage, uniq_grinder

Skill      XL: |  1  2  3  4  5 |
---------------+----------------+-----
Dodging        | 3 4 |  4.0
Fighting       | 1 |  1.7
Short Blades   | 2 3 |  3.0
Spellcasting   | 3 4 |  4.0
Hexes          | 4 |  4.6
Stealth        | 5 |  5.0

Action                   |  1- 3 |  4- 6 || total
-------------------------+-------+-------++-------
Melee: Dagger            |    69 |    91 ||   160
       Short sword       |       |    27 ||    27
Throw: Stone             |    37 |     9 ||    46
       Boomerang         |       |     4 ||     4
 Cast: Ensorcelled Hiber |    22 |    25 ||    47
       Tukima's Dance    |       |     4 ||     4
       Confusing Touch   |       |     3 ||     3
       Dazzling Flash    |       |     1 ||     1
  Use: Scroll            |     5 |     1 ||     6
       Potion            |       |     1 ||     1
 Stab: Sleeping          |    23 |    22 ||    45
       Distracted        |     1 |       ||     1
Armor: Robe              |     4 |     5 ||     9
Dodge: Dodged            |    39 |    73 ||   112
